 Dungeon Crawl Stone Soup version 0.28-a0-845-gfc338a8e3c (webtiles) character file.

Game seed: 4789215928379813112

231 spiderkeys the Ducker (level 5, -4/32 HPs)
             Began as a Deep Elf Abyssal Knight on Nov 12, 2021.
             Was a Believer of Lugonu.
             Slain by an iguana (14 damage)
             ... on level 4 of the Dungeon.
             The game lasted 00:06:25 (4868 turns).

spiderkeys the Ducker (Deep Elf Abyssal Knight)     Turns: 4868, Time: 00:06:25

Health: -4/32      AC:  2    Str: 10    XL:     5   Next: 73%
Magic:  11/11      EV: 13    Int: 16    God:    Lugonu [**....]
Gold:   182        SH:  0    Dex: 15    Spells: 8/9 levels left

rFire   . . .      SeeInvis .   g - +2 lajatang (speed)
rCold   . . .      Faith    .   (shield currently unavailable)
rNeg    . . .      Spirit   .   r - +0 robe
rPois   .          Reflect  .   (no helmet)
rElec   .          Harm     .   (no cloak)
rCorr   .          Rampage  .   (no gloves)
Will    .....                   (no boots)
Stlth   +.........              (no amulet)
HPRegen 0.10/turn               (no ring)
MPRegen 0.12/turn               (no ring)

@: no status effects
A: no striking features
a: Renounce Religion, Depart the Abyss, Bend Space


You were on level 4 of the Dungeon.
You worshipped Lugonu.
Lugonu was pleased with you.
You visited 1 branch of the dungeon, and saw 4 of its levels.
You visited the Abyss 1 time.

You collected 182 gold pieces.


   Skills:
 + Level 3.2 Fighting
 - Level 2.9 Short Blades
 + Level 0.9 Staves
 - Level 0.7 Armour
 + Level 3.8 Dodging
 - Level 0.2 Stealth
 + Level 2.8 Spellcasting
 - Level 0.2 Earth Magic
 + Level 3.3 Invocations


You had 8 spell levels left.
You knew the following spells:

 Your Spells              Type           Power      Damage    Failure   Level
z - Sandblast             Erth           4%         2d4       17%         1

Your spell library contained the following spells:

 Spells                   Type           Power      Damage    Failure   Level
 Passwall                 Tmut/Erth      1%         N/A       28%         2
 Stone Arrow              Conj/Erth      4%         3d7       50%         3

Inventory:

Hand Weapons
 a - a +1 short sword
 f - a +3 dagger of freezing
   (You found it on level 3 of the Abyss)
 g - a +2 lajatang of speed (weapon)
   (You acquired it on level 3 of the Dungeon)
 k - a +2 short sword of venom
   (You took it off a kobold on level 1 of the Dungeon)
Missiles
 c - 26 sling bullets
 j - 53 stones
 p - 110 arrows
Armour
 b - a +0 leather armour
 r - a +0 robe (worn)
   (You took it off an orc wizard on level 2 of the Dungeon)
Wands
 d - a wand of digging (1)
   (You found it on level 2 of the Abyss)
 e - a wand of acid (5)
   (You found it on level 3 of the Abyss)
Scrolls
 h - a scroll of identify {@r1}
 q - a scroll of enchant armour

Dungeon Overview and Level Annotations

Branches:
Dungeon (4/15)
 Temple: D:4-7

Altars:
Okawaru

#.$....##............
##....####..##.........
###......#....#.........
#...............#.......
.........###....#.......
......#.####............
....#.#.>##......$......
....##...........J......
.#........)..#..@l......
##...#.......#..........
...##............#.....
##..............## ....
................ ..#
...........#..... ?#
....##...<#..#.#.# . ..>
....##..#$###


You could see an iguana and an endoplasm.


Message History

Unknown command.
Casting: Sandblast (safe; 17% risk of failure)
Confirm with . or Enter, or press ? or * to list all spells.
Aiming: Sandblast (safe; 17% risk of failure)
Press: ? - help, Shift-Dir - straight line, f - endoplasm
Aim: an endoplasm (98% to hit)
The blast of sand hits the endoplasm!
You kill the endoplasm!
Lugonu accepts your kill.
j - 53 stones 😱 HP[+1] MP[-1]
You lost 1 mp, and now have 10/11 mp.
You start resting.
Your transformation is almost over. 😱 HP[+1] MP[+1]
Your mp is fully restored (11).
Unknown command.
You start resting.
You feel less wooden.
Your +0 robe unmelds from your body.
A ball python comes into view.
You now have 32 max hp (-16).
You climb upwards.
There is a stone staircase leading down here.
You start resting. 😎 HP[+21]
Your hp is fully restored (32).
You climb downwards.
There is a stone staircase leading up here.
No target in view!
No target in view!
No target in view!
There is a stone staircase leading up here.
h - a scroll of identify {@r1} No target in view!
No target in view!
No target in view!
No target in view!
Found a stone staircase leading down.
A giant cockroach comes into view.
You aren't carrying any pieces of jewellery.
An orc comes into view. It is wielding a +0 flail.
The giant cockroach bites you. 😕 HP[-1]
You take 1 damage, and now have 31/32 hp.
You slash the giant cockroach!
You kill the giant cockroach!
Lugonu accepts your kill. 😎 HP[+1]
Your hp is fully restored (32).
There is a stone staircase leading down here.
A quokka comes into view.
Found a stone staircase leading up.
The orc hits you with a +0 flail. 😕 HP[-2]
You take 2 damage, and now have 30/32 hp.
You barely miss the orc. You slash the orc!
You kill the orc!
Lugonu accepts your kill.
You barely miss the quokka. The quokka misses you.
You slash the quokka!
You kill the quokka!
Lugonu accepts your kill.
No target in view!
No target in view!
Found 7 gold pieces.
Found a stone staircase leading down.
Things that are here:
a +0 flail; a +0 ring mail; an orc corpse 😎 HP[+2]
Your hp is fully restored (32).
An iguana comes into view.
An iguana is nearby!
An iguana is nearby!
An iguana is nearby!
The iguana hisses angrily.
An endoplasm comes into view.
The endoplasm quivers.
You hit the iguana but do no damage. The iguana bites you. 😕 HP[-3]
You take 3 damage, and now have 29/32 hp.
You barely miss the iguana. The iguana barely misses you. 😕 HP[+1]
You hit the iguana. The endoplasm freezes you.
You are frozen.
The iguana barely misses you. 😕 HP[-2]
You take 2 damage, and now have 28/32 hp.
You slash the iguana! The endoplasm freezes you.
You are frozen.
The iguana bites you!
* * * LOW HITPOINT WARNING * * *
😨 HP[-15]
You take 15 damage, and now have 13/32 hp.
MASSIVE DAMAGE!! (PAUSE)
You hit the iguana. The endoplasm freezes you.
You are frozen.
* * * LOW HITPOINT WARNING * * *
The iguana bites you!
You die...

Skill      XL: |  1  2  3  4 |
---------------+-------------+-----
Spellcasting   | 1 2 |  2.8
Dodging        | 3 |  3.8
Fighting       | 3 |  3.2
Invocations    | 3 |  3.3
Short Blades   | |  2.9
Staves         | |  0.9
Armour         | |  0.7
Stealth        | |  0.2
Earth Magic    | |  0.2

Action                   |  1- 3 |  4- 6 || total
-------------------------+-------+-------++-------
Melee: Dagger            |    92 |   110 ||   202
       Lajatang          |       |    24 ||    24
 Cast: Sandblast         |       |     4 ||     4
Invok: Depart the Abyss  |     1 |       ||     1
Evoke: Wand              |     1 |     1 ||     2
  Use: Potion            |       |     3 ||     3
       Scroll            |       |     5 ||     5
 Stab: Sleeping          |     3 |     2 ||     5
Armor: Leather armour    |    21 |     1 ||    22
       Robe              |       |     9 ||     9
       Skin              |       |     5 ||     5
Dodge: Dodged            |    48 |    57 ||   105

Levels and vault maps discovered:
D:1:      shiori_arrival_whats_in_store_for_you, layout_basic, serial_glass,
          glass_columns_b, glass_columns_a, shapermc_ecumenical_altar_ellora
D:2:      layout_basic, basic_altar, st_stairs_9, hangedman_glass_teeth
D:3:      layout_loops_ring, uniq_jessica
D:4:      layout_cave_pools, mainiacjoe_overflow_alcove_1, uniq_edmund

Notes
Turn   | Place    | Note
-------+----------+-------------------------------------------
     0 | Abyss:1  | spiderkeys the Deep Elf Abyssal Knight began the quest for
                  | the Orb.
     0 | Abyss:1  | Reached XP level 1. HP: 13/13 MP: 4/4
     0 | Abyss:1  | magus.rc [v1.9.10]
   101 | Abyss:3  | Found a corrupted altar of Lugonu.
   102 | Abyss:3  | Noticed a wretched star
   102 | D:1      | You pass through the gate.
   102 | D:1      | Escaped the Abyss
   102 | D:1      | Noticed a minotaur skeleton
   339 | D:1      | Reached XP level 2. HP: 18/18 MP: 5/5
   573 | D:1      | Reached * piety under Lugonu
   666 | D:1      | Reached skill level 1 in Spellcasting
   711 | D:1      | Found a faded altar of an unknown god.
  1244 | D:2      | You pick up a book of Geomancy and begin reading...
  1244 | D:2      | You add the spells Sandblast, Passwall and Stone Arrow to
                  | your library.
  1343 | D:2      | Learned a level 1 spell: Sandblast
  1381 | D:2      | Found an iron altar of Okawaru.
  1601 | D:2      | Reached XP level 3. HP: 22/22 MP: 6/6
  1753 | D:2      | Reached skill level 3 in Dodging
  1762 | D:2      | Reached XP level 4. HP: 8/27 MP: 6/8
  1763 | D:2      | HP: 2/27 [orc (6)]
  2291 | D:2      | Reached ** piety under Lugonu
  2543 | D:3      | Reached skill level 2 in Spellcasting
  2867 | D:3      | HP: 1/27 [orc (6)]
  3488 | D:3      | Noticed Jessica
  3500 | D:3      | Killed Jessica
  3501 | D:3      | Reached skill level 3 in Fighting
  3501 | D:3      | Reached skill level 3 in Invocations
  3501 | D:3      | Reached XP level 5. HP: 15/32 MP: 10/10
  4201 | D:3      | Identified a scroll of acquirement
  4201 | D:3      | Acquired a +2 lajatang of speed
  4542 | D:4      | HP: 11/48 [poisoned by a scorpion]
  4547 | D:4      | HP: 7/48 [poisoned by a scorpion]
  4868 | D:4      | Slain by an iguana

Vanquished Creatures
  A scorpion (D:4)
  Jessica (D:3)
  An orc wizard (D:2)
  2 adders (D:3)
  2 worms (D:3)
  A dart slug (D:2)
  12 orcs
  3 endoplasms
  4 giant cockroaches
  4 goblins
  5 hobgoblins
  9 jackals
  4 quokkas
  4 ball pythons
  7 bats
  4 frilled lizards
  6 kobolds
  10 rats
80 creatures vanquished.

Table legend:
 A = Non-vault XP
 B = Vault XP
 C = Vault XP percentage of total XP
 D = Non-vault monster count
 E = Vault monster count
 F = Vault count percentage of total count
                 A         B        C        D         E       F
            +---------+---------+-------+---------+---------+-------
      Total |     291 |      40 |  12.1 |      77 |       3 |   3.8
            +---------+---------+-------+---------+---------+-------
        D:1 |      24 |       0 |   0.0 |      18 |       0 |   0.0
        D:2 |      84 |       3 |   3.4 |      27 |       2 |   6.9
        D:3 |      87 |      37 |  29.8 |      27 |       1 |   3.6
        D:4 |      96 |       0 |   0.0 |       5 |       0 |   0.0
            +---------+---------+-------+---------+---------+-------

Illustrated notes

Table legend:
 A = Kills in this place as a percentage of kills in entire the game.
 B = Kills by you in this place as a percentage of kills by you in the entire game.
 C = Kills by friends in this place as a percentage of kills by friends in the entire game.
 D = Other kills in this place as a percentage of other kills in the entire game.
 E = Experience gained in this place as a percentage of experience gained in the entire game.
 F = Experience gained in this place divided by the number of levels of this place that you have seen.
                   A       B       C       D       E      F
               +-------+-------+-------+-------+-------+----------------------
         Total | 100.0 | 100.0 |   N/A |   N/A | 100.0 |  47.3
       Dungeon | 100.0 | 100.0 |   N/A |   N/A | 100.0 |  82.8
               +-------+-------+-------+-------+-------+----------------------

Table legend: (Time is in decaauts)
 A = Elapsed time spent in this place.
 B = Non-inter-level travel time spent in this place.
 C = Inter-level travel time spent in this place.
 D = Time resting spent in this place.
 E = Time spent auto-exploring this place.
 F = Levels seen in this place.
 G = Mean time per level.
                   A        B        C        D        E       F      G
               +--------+--------+--------+--------+--------+-----+--------+
         Total |   4828 |   4772 |     56 |   1395 |   2755 |   7 |  689.7 |
       Dungeon |   4727 |   4671 |     56 |   1395 |   2692 |   4 | 1181.8 |
         Abyss |    100 |    100 |      0 |      0 |     63 |   3 |   33.3 |
               +--------+--------+--------+--------+--------+-----+--------+

Top non-repeatable levels by time:
     D:3: 1850 daAuts
     D:2: 1624 daAuts
     D:1: 1118 daAuts
     D:4: 134 daAuts
 Abyss:1: 69 daAuts
 Abyss:2: 18 daAuts
 Abyss:3: 13 daAuts
